Map: Berlingrad LE

Players

CBagRun

  • Race: Zerg Zerg

HORSES - Winner!

  • Race: Zerg Zerg

VOD

Have the link to the VOD?

Description

Time

  • Played on: Dec. 13, 2021, 3:59 a.m.
  • Length: 22:16
Show
View Real Time Build Order
Export as new Build Order

CBagRun Zerg 

Build Orders: Pool First 

Get SALT Encoding   

  12  0:00  Drone  
  13  0:12  Drone  
  14  0:29  Spawning Pool  
  14  0:34  Overlord  
  13  0:44  Drone  
  14  0:55  Drone  
  15  0:57  Drone x2  
  15  1:02  Extractor  
  16  1:04  Extractor  
  15  1:15  Queen  
  17  1:24  Drone  
  17  1:25  Drone  
  19  1:33  Drone  
  20  1:40  Overlord  
  20  1:53  Metabolic Boost  
  20  1:58  Zergling x2  
  21  2:05  Queen  
  23  2:16  Evolution Chamber  
  23  2:21  Evolution Chamber  
  21  2:26  Evolution Chamber  
  21  2:27  Zergling x4  
  21  2:28  Zergling x2  
  23  2:32  Drone  
  24  2:59  Drone  
  24  3:00  Drone x4  
  29  3:17  Zerg Melee Weapons Level 1  
  29  3:21  Zerg Missile Weapons Level 1  
  29  3:41  Drone  
  29  3:45  Zerg Ground Armor Level 1  
  30  3:49  Lair  
  30  3:56  Overlord  
  30  4:31  Drone x2  
  30  4:32  Drone x3  
  30  4:37  Overlord x3  
  35  5:34  Zerg Melee Weapons Level 2  
  35  5:35  Zerg Missile Weapons Level 2, Hatchery  
  35  5:39  Zerg Ground Armor Level 2  
  34  5:57  Zergling x4  
  34  5:58  Zergling x6  
  39  6:13  Spire  
  38  6:18  Spire  
  37  6:40  Queen  
  39  6:52  Drone x2  
  39  6:53  Drone x3  
  44  6:55  Infestation Pit  
  43  7:01  Drone x2  
  45  7:26  Drone x2  
  47  7:37  Extractor  
  46  7:40  Extractor  
  46  7:42  Zerg Flyer Weapons Level 1  
  45  7:46  Corruptor  
  45  7:47  Corruptor  
  49  8:37  Drone x4  
  53  8:49  Hive  
  53  8:51  Zergling x6  
  53  8:52  Zergling x14  
  63  9:03  Mutalisk x2  
  67  9:11  Overlord  
  67  9:36  Zerg Flyer Armor Level 1  
  64  9:41  Hatchery  
  64  9:43  Zergling x8  
  62  9:55  Zergling x2  
  62  9:56  Zergling x10  
  68  10:01  Mutalisk x4  
  76  10:25  Zerg Melee Weapons Level 3  
  76  10:27  Zerg Missile Weapons Level 3  
  76  11:10  Queen  
  78  11:16  Zerg Flyer Weapons Level 2  
  78  11:17  Extractor  
  77  11:19  Extractor  
  76  11:32  Ultralisk Cavern  
  75  11:33  Zerg Ground Armor Level 3  
  75  11:36  Zergling x10  
  80  11:42  Drone x2, Overlord  
  82  12:00  Queen, Overlord  
  82  12:01  Overlord  
  84  12:28  Drone x2  
  84  12:29  Drone  
  87  12:31  Drone x2  
  89  12:39  Zerg Flyer Armor Level 2  
  89  12:46  Ultralisk  
  95  12:52  Drone  
  95  12:53  Drone  
  97  13:35  Ultralisk  
  103  13:42  Corruptor  
  103  13:47  Overlord x2  
  105  14:04  Overlord x2  
  105  14:34  Ultralisk x2  
  118  14:38  Drone x2  
  118  14:39  Drone x3  
  118  14:40  Drone  
  118  14:42  Zergling x2  
  124  15:07  Drone x3  
  124  15:08  Drone x2  
  124  15:11  Overlord x2  
  124  15:12  Overlord  
  118  15:43  Corruptor  
  118  15:44  Corruptor x4  
  96  16:24  Corruptor x3  
  102  16:29  Zergling x2  
  102  16:30  Zergling x10  
  94  17:18  Ultralisk x3  
  94  17:20  Zergling x4  
  94  17:21  Zergling x2  
  63  17:53  Ultralisk x2  
  63  17:58  Zergling x6  
  72  18:14  Corruptor  
  72  18:15  Corruptor  
  74  18:57  Ultralisk  
  74  18:58  Ultralisk x2  
  74  19:01  Mutalisk  
  62  20:04  Mutalisk x3  
  62  20:07  Mutalisk x3, Ultralisk  
  66  20:08  Mutalisk  
  48  20:55  Corruptor  
  48  20:56  Corruptor x5  
  58  21:05  Zergling x10  
  63  21:22  Ultralisk  
Show
View Real Time Build Order
Export as new Build Order

HORSES Zerg - Winner!

Build Orders: Hatch First 

Get SALT Encoding   

  12  0:01  Drone  
  13  0:15  Drone  
  13  0:18  Overlord  
  14  0:33  Overlord  
  14  0:36  Drone  
  15  0:53  Hatchery  
  15  0:55  Drone  
  15  0:59  Drone  
  16  1:19  Spawning Pool  
  16  1:20  Drone  
  16  1:26  Drone x2  
  18  1:34  Extractor  
  17  1:50  Overlord  
  17  1:52  Drone  
  18  2:06  Drone  
  19  2:10  Drone  
  19  2:14  Drone  
  21  2:16  Queen  
  21  2:17  Queen  
  21  2:19  Drone  
  26  2:34  Extractor  
  26  2:36  Drone x2  
  27  2:52  Drone x2, Queen  
  27  2:53  Drone x2  
  33  2:59  Drone  
  33  3:03  Drone  
  35  3:09  Zergling x2  
  35  3:11  Zergling x2  
  37  3:13  Metabolic Boost  
  37  3:23  Drone  
  38  3:33  Queen  
  40  3:35  Zergling x8  
  44  3:52  Evolution Chamber  
  44  3:55  Drone  
  44  4:12  Overlord x3  
  44  4:47  Zerg Melee Weapons Level 1, Evolution Chamber  
  44  4:50  Drone x2  
  45  4:54  Drone  
  45  4:55  Drone x2  
  45  4:57  Zergling x8  
  52  5:14  Zerg Ground Armor Level 1  
  52  5:19  Evolution Chamber  
  51  5:24  Roach Warren  
  51  5:25  Drone x3  
  53  5:47  Zergling x8  
  53  5:48  Zergling x4  
  59  5:51  Zerg Missile Weapons Level 1  
  59  5:56  Lair  
  59  6:02  Extractor  
  58  6:05  Extractor  
  57  6:12  Overlord  
  57  6:13  Overlord x2  
  57  6:14  Overlord  
  57  6:15  Overlord  
  57  6:21  Hatchery  
  56  6:40  Drone x2  
  56  6:41  Drone  
  56  6:44  Drone x2  
  61  6:54  Zerg Melee Weapons Level 2  
  61  6:58  Spire  
  61  7:01  Spire  
  59  7:14  Zerg Ground Armor Level 2  
  59  7:20  Zergling x8  
  59  7:21  Zergling x4  
  65  7:23  Roach  
  65  7:24  Roach x7  
  65  7:25  Roach  
  83  7:42  Drone  
  84  7:44  Queen  
  86  8:03  Drone x2  
  88  8:17  Drone x2  
  90  8:22  Roach x2  
  90  8:23  Roach x5  
  104  8:35  Zerg Missile Weapons Level 2  
  104  8:36  Glial Reconstitution  
  104  8:38  Zerg Flyer Weapons Level 1  
  104  8:40  Zerg Flyer Armor Level 1  
  104  8:41  Mutalisk  
  106  9:07  Overlord x6  
  90  9:49  Drone x3  
  93  10:03  Mutalisk x8  
  93  10:04  Mutalisk x3  
  115  10:09  Zergling x14  
  115  10:12  Overlord  
  122  10:18  Drone  
  122  10:19  Drone  
  124  10:24  Drone x3  
  127  10:33  Zerg Flyer Weapons Level 2  
  127  10:44  Zerg Flyer Armor Level 2  
  127  10:51  Mutalisk  
  127  10:55  Zergling x12  
  127  10:56  Zergling x4  
  137  10:58  Roach x3  
  143  11:06  Extractor  
  143  11:07  Drone, Extractor  
  143  11:08  Drone x2  
  143  11:10  Drone x3  
  147  11:28  Infestation Pit  
  147  11:30  Hydralisk Den  
  145  11:58  Zergling x10  
  145  11:59  Zergling x2  
  151  12:02  Roach x3  
  151  12:03  Roach x2  
  151  12:06  Overlord x2  
  151  12:07  Overlord x3  
  161  12:12  Overlord x3  
  161  12:27  Drone x2  
  161  12:28  Drone x2  
  165  12:36  Hive  
  165  12:37  Lair  
  165  12:39  Lair  
  165  12:43  Roach x4  
  165  12:44  Roach  
  175  12:46  Roach x2  
  179  12:53  Roach x3  
  179  12:55  Roach  
  179  12:56  Roach x6  
  199  14:00  Zerg Melee Weapons Level 3  
  199  14:01  Zerg Missile Weapons Level 3, Zerg Ground Armor Level 3  
  199  14:03  Zerg Flyer Weapons Level 3  
  199  14:04  Zerg Flyer Armor Level 3  
  81  16:22  Roach x8  
  81  16:23  Roach x9  
  81  16:24  Roach x2  
  111  16:26  Roach  
  111  16:27  Roach x2  
  113  16:35  Corruptor  
  113  16:36  Corruptor x9  
  113  16:37  Corruptor  
  116  17:20  Roach x7  
  116  17:21  Roach  
  92  17:22  Drone  
  92  17:23  Roach  
  92  17:24  Roach x9  
  104  17:32  Greater Spire  
  104  17:33  Muscular Augments  
  91  18:17  Roach x5  
  91  18:18  Roach x2  
  105  18:34  Roach x3  
  105  18:35  Roach x5  
  121  18:44  Grooved Spines, Roach x2  
  121  18:45  Roach x4  
  125  18:57  Mutalisk x6  
  137  19:04  Mutalisk x2  
  137  19:05  Mutalisk x2  
  88  19:56  Drone x4  
  83  20:13  Roach x5  
  87  20:16  Roach x7  
  98  20:58  Roach  
  98  21:03  Drone x3  
  103  21:05  Drone x3  
  106  21:16  Drone  
  107  21:19  Drone  
  108  21:51  Drone x3  
Tags
 
Matchup
ZvZ
Race
Zerg
Replay Pack
re
Add a new tag
Caveats
  • Supply blocks, unpowered buildings, or Contaminate may cause inaccurate times.
  • Supply counts are checked every 10 seconds.